 Dungeon Crawl Stone Soup version 0.27-a0-1431-gcffa5a9b16 (webtiles) character file.

Game seed: 5585683350323831941

106 mandarbmax the Twirler (level 5, -2/41 HPs)
             Began as a Formicid Fighter on July 3, 2021.
             Was a Believer of Elyvilon.
             Slain by a gnoll (13 damage)
             ... on level 2 of the Dungeon.
             The game lasted 00:04:15 (2260 turns).

mandarbmax the Twirler (Formicid Fighter)           Turns: 2260, Time: 00:04:16

Health: -2/41      AC: 11    Str: 21    XL:     5   Next: 10%
Magic:  4/5        EV:  4    Int:  7    God:    Elyvilon [**....]
Gold:   130        SH:  9    Dex: 11    Spells: 4/4 levels left

rFire    . . .     SeeInvis +   a - +0 quarterstaff
rCold    . . .     Faith    .   c - +0 kite shield
rNeg     . . .     Spirit   .   h - +0 plate armour
rPois    .         Reflect  .   (helmet unavailable)
rElec    .         Harm     .   (no cloak)
rCorr    .         Rampage  .   (no gloves)
Will     .....                  (no boots)
Stlth    ..........             (no amulet)
HPRegen  0.13/turn              (no ring)
MPRegen  0.09/turn              (no ring)

@: divinely protected
A: permanent stasis, dig shafts and tunnels, antennae 3, four strong arms
a: Dig, Shaft Self, Renounce Religion, Lesser Healing, Heal Other, Divine
Protection


You were on level 2 of the Dungeon.
You worshipped Elyvilon.
Elyvilon was pleased with you.
You visited 1 branch of the dungeon, and saw 3 of its levels.

You collected 130 gold pieces.

Inventory:

Hand Weapons
 a - a +0 quarterstaff (weapon)
Armour
 c - a +0 kite shield (worn)
 h - a +0 plate armour (worn)
Scrolls
 e - a scroll of immolation
 g - 2 scrolls of identify {unknown}
 i - a scroll of amnesia {unknown}
Potions
 b - a potion of heal wounds {unknown}
 d - 2 potions of might
 f - a potion of lignification {unknown}
 j - a potion of curing {unknown}
 k - a potion of flight {unknown}


   Skills:
 - Level 3.2 Fighting
 + Level 4.9 Staves
 - Level 3.2 Armour
 - Level 3.6 Shields


You had 4 spell levels left.
You didn't know any spells.
Your spell library contained the following spells:

 Spells                   Type           Power      Damage    Failure   Level
 Animate Skeleton         Necr           0%         N/A       100%        1
 Apportation              Tloc           0%         N/A       100%        1
 Corona                   Hex            0%         N/A       100%        1
 Summon Small Mammal      Summ           0%         N/A       100%        1


Dungeon Overview and Level Annotations

Branches:
Dungeon (3/15)

Altars:
Elyvilon


Innate Abilities, Weirdness & Mutations

You cannot be hasted, slowed, berserked, paralysed or teleported.
You can dig through walls and to a lower floor.
You have a pair of large antennae on your head. (SInv)
Your four strong arms can wield two-handed weapons with a shield.


Message History

The gnoll hits you with a +0 halberd. The gnoll hits you but does no damage.
There is a stone staircase leading up here.
The gnoll hits you with a +0 halberd. You block the gnoll's attack.
You climb upwards.
There is a stone staircase leading down here.
Your plate armour prevents you from hitting the gnoll.
The gnoll barely misses you. You block the gnoll's attack.
The gnoll hits you with a +0 halberd!
You are too injured to fight recklessly!
You are too injured to fight recklessly!
You are too injured to fight recklessly!
You are too injured to fight recklessly!
You are too injured to fight recklessly!
You are too injured to fight recklessly!
You are too injured to fight recklessly!
You are too injured to fight recklessly!
You are too injured to fight recklessly!
You are too injured to fight recklessly!
You are too injured to fight recklessly!
You are too injured to fight recklessly!
You are too injured to fight recklessly!
You closely miss the gnoll.
The gnoll hits you with a +0 halberd. x2
You hit the gnoll.
The gnoll is moderately wounded.
The gnoll hits you with a +0 halberd!
* * * LOW HITPOINT WARNING * * *
You block the gnoll's attack.
Unknown command.
Okay, then.
Okay, then.
You beseech Elyvilon to protect your life.
You block the gnoll's attack. x2
You are healed.
The gnoll barely misses you. The gnoll hits you but does no damage.
Really attack the gnoll while asking for your life to be spared?
This attack would place you under penance! [Y]es or [N]o only, please.
Really attack the gnoll while asking for your life to be spared?
This attack would place you under penance!
Okay, then.
The gnoll hits you from afar with a +0 halberd!
You die...

.(...............################
.................#...............
.................#.....####....#.
.................#...### #....#.
..#..............#..#######....##
.####............#..##........###
.######........).#)###....#...# #
....###..........#.# #....#...#
....##..........@#.# #)..##..##
....##.........g>#.###)####..# ##
................g#....).....####.
.................'.........###...
.................#.......####....
......##...##)####....#### #..###
.......#..(##รท# #.#### ##..##.
.......#.####.# #...### #...#..
.......#......# #.....## #...#..


You could see 2 gnolls.

Vanquished Creatures
  3 adders (D:2)
  3 worms (D:2)
  3 dart slugs
  4 ball pythons (D:2)
  4 bats
  7 endoplasms
  3 giant cockroaches (D:2)
  6 hobgoblins
  4 jackals
  6 kobolds
  2 quokkas
  2 frilled lizards
  7 goblins
  5 rats
59 creatures vanquished.

Notes
Turn   | Place    | Note
-------+----------+-------------------------------------------
     0 | D:1      | mandarbmax the Formicid Fighter began the quest for the
                  | Orb.
     0 | D:1      | Reached XP level 1. HP: 18/18 MP: 1/1
   342 | D:1      | Found a faded altar of an unknown god.
   355 | D:1      | Reached XP level 2. HP: 19/24 MP: 2/2
   368 | D:1      | Became a worshipper of Elyvilon the Healer
   368 | D:1      | Reached * piety under Elyvilon
   496 | D:1      | Reached skill level 3 in Staves
   599 | D:1      | Reached XP level 3. HP: 29/29 MP: 3/3
  1332 | D:2      | Reached skill level 4 in Staves
  1332 | D:2      | Reached XP level 4. HP: 24/35 MP: 4/4
  1748 | D:2      | Reached ** piety under Elyvilon
  1914 | D:2      | Reached XP level 5. HP: 35/41 MP: 5/5
  2260 | D:2      | Slain by a gnoll

Illustrated notes

Levels and vault maps discovered:
D:1:      wander_arrival_abandoned_jail, layout_loops_ring,
          hellmonk_ecumenical_altar_blasted
D:2:      minmay_recursive_quarters, layout_basic
D:3:      layout_rooms, chequers_arboretum, uniq_natasha, uniq_jessica

Skill      XL: |  1  2  3 |
---------------+----------+-----
Staves         | 3 4 |  4.9
Fighting       | |  3.2
Armour         | |  3.2
Shields        | |  3.6

Action                   |  1- 3 |  4- 6 || total
-------------------------+-------+-------++-------
Melee: Quarterstaff      |    94 |    91 ||   185
Invok: Divine Protection |       |     1 ||     1
       Lesser Healing    |       |     1 ||     1
 Abil: Dig               |       |     2 ||     2
Armor: Scale mail        |    25 |       ||    25
       Plate armour      |    16 |    55 ||    71
Dodge: Dodged            |    22 |    14 ||    36
Block: Kite shield       |    43 |    56 ||    99

Table legend: (Time is in decaauts)
 A = Elapsed time spent in this place.
 B = Non-inter-level travel time spent in this place.
 C = Inter-level travel time spent in this place.
 D = Time resting spent in this place.
 E = Time spent auto-exploring this place.
 F = Levels seen in this place.
 G = Mean time per level.
                   A        B        C        D        E       F      G
               +--------+--------+--------+--------+--------+-----+--------+
         Total |   2316 |   2268 |     48 |    269 |   1550 |   3 |  772.0 |
       Dungeon |   2316 |   2268 |     48 |    269 |   1550 |   3 |  772.0 |
               +--------+--------+--------+--------+--------+-----+--------+

Top non-repeatable levels by time:
     D:1: 1187 daAuts
     D:2: 1121 daAuts
     D:3: 7 daAuts
